 Dungeon Crawl Stone Soup version 0.32-a0-799-g95e1662365 (webtiles) character file.

Game seed: 15238583260247149995

2983 backslashecho the Skirmisher (level 9, 0/68 HPs)
             Began as a Coglin Hunter on Mar 22, 2024.
             Was an Elder of Okawaru.
             Slain by a vampire mosquito (4 damage)
             ... on level 6 of the Dungeon.
             The game lasted 00:13:39 (7888 turns).

backslashecho the Skirmisher (Coglin Hunter)        Turns: 7888, Time: 00:13:39

Health: 0/68       AC:  6    Str: 12    XL:     9   Next: 83%
Magic:  12/12      EV: 19    Int:  8    God:    Okawaru [****..]
Gold:   429        SH:  0    Dex: 22    Spells: 8/8 levels left

rFire   . . .        a - +2 sling {Jakob}
rCold   . . .        d - +0 sling {Vikramjeet}
rNeg    . . .        c - +0 leather armour
rPois   .            (no helmet)
rElec   .            r - +0 cloak
rCorr   .            f - +0 pair of gloves
SInv    .            (no boots)
Will    .....        (amulet unavailable)
Stlth   +++          (ring unavailable)
HPRegen 0.31/turn    (ring unavailable)
MPRegen 0.13/turn    (no gizmo)

%: no passive effects
@: heroic, studying Stealth, revving
A: off-hand wielding, slow wielding, warmup strikes, no jewellery
a: Invent Gizmo, Renounce Religion, Heroism, Finesse


You were on level 6 of the Dungeon.
You worshipped Okawaru.
Okawaru was greatly pleased with you.
You visited 2 branches of the dungeon, and saw 8 of its levels.

You collected 429 gold pieces.

Inventory:

Hand Weapons
 a - a +2 sling (weapon) {Jakob}
 d - a +0 sling (offhand) {Vikramjeet}
Missiles
 m - 18 poisoned darts (quivered)
Armour
 c - a +0 leather armour (worn)
 f - a +0 pair of gloves (worn)
 r - a +0 cloak (worn)
Wands
 v - a wand of light (8)
Scrolls
 b - a scroll of butterflies
 i - a scroll of blinking {unknown}
 j - a scroll of enchant armour {unknown}
 k - 2 scrolls of vulnerability {unknown}
 l - a scroll of fog {unknown}
 o - a scroll of immolation {unknown}
 p - a scroll of poison {unknown}
 t - 2 scrolls of enchant weapon {unknown}
 u - a scroll of fear {unknown}
 x - a scroll of noise {unknown}
 y - a scroll of summoning {unknown}
Potions
 e - 5 potions of haste
 g - a potion of mutation
 h - 3 potions of curing
 n - 5 potions of might
 q - 2 potions of cancellation
 z - a potion of berserk rage
 A - a potion of lignification


   Skills:
 - Level 5.0(10.0) Fighting
 * Level 9.1(14.1) Ranged Weapons
 + Level 6.1(11.1) Dodging
 - Level 0.7(5.7) Stealth
 + Level 4.6 Invocations


You had 8 spell levels left.
You didn't know any spells.
Your spell library contained the following spells:

 Spells                   Type           Power      Damage    Failure   Level
 Sting                    Conj/Alch      0%         1d3       50%         1
 Inner Flame              Hex/Fire       0%         N/A       86%         3
 Flame Wave               Conj/Fire      0%         2d4       99%         4
 Sticky Flame             Fire/Alch      0%         2d4       99%         4


Dungeon Overview and Level Annotations

Branches:
Dungeon (7/15)             Temple (1/1) D:4

Altars:
Ashenzari
Cheibriados
Dithmenos
Elyvilon
Gozag
Hepliaklqana
Kikubaaqudgha
Makhleb
Okawaru
Qazlal
Ru
Sif Muna
Trog
Vehumet
Wu Jian
Xom
Yredelemnul
Zin
The Shining One

Annotations:
D:7 Prince Ribbit


Innate Abilities, Weirdness & Mutations

You can wield a second weapon in your off-hand.
It takes a long time for you to wield or remove held weapons.
Your first few attacks do less damage.
You cannot equip rings or amulets.


Message History

The sling bullet hits the vampire mosquito.
The vampire mosquito is heavily damaged.
You shoot a sling bullet.
The sling bullet misses the vampire mosquito.
The sling bullet hits the vampire mosquito.
The vampire mosquito is lightly damaged.
The vampire mosquito misses you.
You shoot a sling bullet.
The sling bullet hits the vampire mosquito.
The vampire mosquito is severely damaged.
You shoot a sling bullet.
The sling bullet hits the vampire mosquito.
The vampire mosquito is severely damaged.
The vampire mosquito misses you. x3
You shoot a sling bullet.
The sling bullet misses the vampire mosquito. x2
You shoot a sling bullet.
The sling bullet misses the vampire mosquito.
The sling bullet barely misses the vampire mosquito.
The vampire mosquito completely misses you.
The vampire mosquito misses you.
You shoot a sling bullet.
The sling bullet barely misses the vampire mosquito.
You shoot a sling bullet.
The sling bullet hits the vampire mosquito but does no damage.
The vampire mosquito is severely damaged.
The vampire mosquito bites you.
The vampire mosquito draws strength from your injuries!
The vampire mosquito misses you. The vampire mosquito bites you!
The vampire mosquito draws strength from your injuries!
You take 12 damage, and have 56/68 hp.
You shoot a sling bullet.
The sling bullet misses the vampire mosquito.
You shoot a sling bullet.
The sling bullet hits the vampire mosquito.
The vampire mosquito is almost destroyed.
The vampire mosquito bites you but does no damage.
The vampire mosquito barely misses you. The vampire mosquito misses you.
You shoot a sling bullet.
The sling bullet closely misses the vampire mosquito.
You shoot a sling bullet.
The sling bullet barely misses the vampire mosquito.
The vampire mosquito bites you.
The vampire mosquito draws strength from your injuries!
The vampire mosquito bites you!
The vampire mosquito draws strength from your injuries!
You take 13 damage, and have 43/68 hp.
You shoot a sling bullet.
The sling bullet closely misses the vampire mosquito.
You shoot a sling bullet.
The sling bullet hits the vampire mosquito.
The vampire mosquito is almost destroyed.
The vampire mosquito misses you. The vampire mosquito barely misses you.
The vampire mosquito bites you.
The vampire mosquito draws strength from your injuries!
You take 4 damage, and have 39/68 hp.
The vampire mosquito attacks as it pursues you!
The vampire mosquito completely misses you.
The vampire mosquito bites you.
The vampire mosquito draws strength from your injuries!
There is a stone staircase leading up here.
You take 5 damage, and have 34/68 hp.
The vampire mosquito bites you.
The vampire mosquito draws strength from your injuries!
The vampire mosquito barely misses you. The vampire mosquito bites you.
The vampire mosquito draws strength from your injuries!
The vampire mosquito barely misses you. The vampire mosquito misses you.
You climb upwards.
There is a stone staircase leading down here.
You take 5 damage, and have 29/68 hp.
You shoot a sling bullet.
The sling bullet hits the vampire mosquito!
The vampire mosquito is moderately damaged.
You shoot a sling bullet.
The sling bullet barely misses the vampire mosquito.
The vampire mosquito misses you.
The vampire mosquito completely misses you.
The vampire mosquito bites you.
The vampire mosquito draws strength from your injuries!
The vampire mosquito closely misses you.
The vampire mosquito attacks as it pursues you!
The vampire mosquito bites you!
* * * LOW HITPOINT WARNING * * *
The vampire mosquito draws strength from your injuries!
The vampire mosquito closely misses you.
The vampire mosquito bites you but does no damage.
You take 9 damage, and have 20/68 hp.
MP restored: 12 The vampire mosquito bites you!
* * * LOW HITPOINT WARNING * * *
The vampire mosquito draws strength from your injuries!
The vampire mosquito bites you but does no damage.
The vampire mosquito barely misses you.
You take 8 damage, and have 12/68 hp.
The vampire mosquito attacks as it pursues you!
The vampire mosquito bites you!
* * * LOW HITPOINT WARNING * * *
The vampire mosquito draws strength from your injuries!
The vampire mosquito bites you.
You die...

#..###.......##.#..#.#
#.###........##.##.#.#
#.# #.###....##.##.#.#
#.# #.# #....#.......#
#.###<###.......##.###
###
#.##.............#.#
..#
#.##.##.#.#........#
#.#
#.##.##.#.....#....#
#.#
#.##.##....@y###>.##
#.#
#.##.#....##y.#..##
#.# #......#..###...##
..#########....# ##.##
....# ####.# ###
####### ....# #.#
#######.....# ..#.#
##.## #...(.....#..
..#.# #...#
#.##......### #.#.#
#...# #.##..#...#


You could see 2 vampire mosquitoes.

Vanquished Creatures
  Pikel (D:6)
  4 water moccasins
  2 black bears
  An ice beast (D:6)
  4 ogres
  3 phantoms
  2 kobold brigands
  A bullfrog (D:6)
  A gnoll sergeant (D:5)
  A scorpion (D:5)
  A wight (D:7)
  2 howler monkeys (D:6)
  A bombardier beetle (D:5)
  3 hounds
  A crimson imp (D:5)
  2 jellies (D:6)
  A sleepcap (D:5)
  5 iguanas
  2 orc wizards (D:5)
  Ijyb (D:4)
  19 gnolls
  9 adders
  4 ufetubi
  2 ribbon worms (D:2)
  A dart slug (D:4)
  12 orcs
  6 ball pythons
  6 endoplasms
  3 giant cockroaches
  11 hobgoblins
  8 jackals
  14 kobolds
  4 quokkas
  6 bats
  3 frilled lizards
  3 goblins
  A goblin skeleton (D:5)
  A goblin zombie (D:5)
  2 hobgoblin zombies (D:5)
  3 kobold skeletons (D:5)
  A kobold zombie (D:5)
  5 rats
163 creatures vanquished.

Notes
Turn   | Place    | Note
-------+----------+-------------------------------------------
     0 | D:1      | backslashecho the Coglin Hunter began the quest for the
                  | Orb.
     0 | D:1      | Reached XP level 1. HP: 16/16 MP: 1/1
   175 | D:1      | Reached XP level 2. HP: 22/22 MP: 2/2
   284 | D:1      | Reached skill level 4 in Ranged Weapons
   297 | D:1      | Found a faded altar of an unknown god.
   311 | D:1      | Got Plato's Papyrus of Melanosis
   374 | D:1      | Reached XP level 3. HP: 28/28 MP: 3/3
   833 | D:2      | Reached XP level 4. HP: 34/34 MP: 4/4
  2132 | D:3      | Reached XP level 5. HP: 28/41 MP: 5/5
  2667 | D:3      | Reached skill level 5 in Ranged Weapons
  2902 | D:4      | Found a staircase to the Ecumenical Temple.
  2911 | Temple   | Entered the Ecumenical Temple
  2917 | Temple   | Became a worshipper of Warmaster Okawaru
  2957 | D:4      | Noticed a black bear
  2964 | D:4      | Killed a black bear
  2965 | D:4      | Reached XP level 6. HP: 47/47 MP: 6/6
  3665 | D:4      | Reached skill level 1 in Invocations
  3946 | D:4      | Noticed Ijyb
  3955 | D:4      | Killed Ijyb
  4222 | D:5      | Entered Level 5 of the Dungeon
  4399 | D:5      | Reached XP level 7. HP: 53/53 MP: 6/8
  4790 | D:5      | Reached * piety under Okawaru
  4791 | D:5      | Reached skill level 6 in Ranged Weapons
  5084 | D:5      | Reached XP level 8. HP: 36/61 MP: 9/9
  5224 | D:5      | Found a shadowy altar of Dithmenos.
  5224 | D:5      | Found an ornate altar of the Wu Jian Council.
  5259 | D:5      | Reached ** piety under Okawaru
  5330 | D:5      | Found a glowing golden altar of the Shining One.
  5626 | D:6      | Reached skill level 7 in Ranged Weapons
  5693 | D:6      | Reached skill level 5 in Fighting
  5821 | D:6      | Reached *** piety under Okawaru
  5836 | D:6      | Reached skill level 5 in Dodging
  5836 | D:6      | Reached XP level 9. HP: 64/68 MP: 11/11
  5865 | D:6      | Reached skill level 8 in Ranged Weapons
  6585 | D:7      | Noticed Pikel
  6605 | D:6      | Killed Pikel
  6605 | D:6      | Reached **** piety under Okawaru
  7261 | D:7      | Reached skill level 9 in Ranged Weapons
  7262 | D:7      | Noticed Prince Ribbit
  7888 | D:6      | Slain by a vampire mosquito

Illustrated notes

Levels and vault maps discovered:
D:1:      wander_arrival_desolate, layout_basic,
          shapermc_ecumenical_altar_rom_forum
D:2:      layout_basic, minmay_quadrilaterals
D:3:      layout_loops_corners
D:4:      minmay_recursive_quarters, layout_layer_cave,
          minmay_temple_entry_statues_pillars, minmay_starry_boxes, uniq_ijyb
D:5:      layout_cave_pools, nicolae_tso_besieged_by_evil,
          gammafunk_temple_overflow_statue, kennysheep_generic_room_11
D:6:      cheibrodos_barr_body, layout_loops_cross, minmay_manual_moon
D:7:      layout_rooms, st_stairs_8, minmay_misc_feat_roman,
          uniq_prince_ribbit1, uniq_pikel
Temple:   nicolae_temple_x_marks_the_god

Skill      XL: |  1  2  3  4  5  6  7  8  9 |
---------------+----------------------------+-----
Dodging        | 2 3 4 5 6 |  6.1
Ranged Weapons | 4 5 6 7 9 |  9.1
Fighting       | 3 4 5 |  5.0
Invocations    | 1 2 3 4 |  4.6
Stealth        | |  0.7

Action                     |  1- 3 |  4- 6 |  7- 9 || total
---------------------------+-------+-------+-------++-------
   Fire: Sling             |   124 |   332 |   650 ||  1106
  Throw: Dart              |       |       |     2 ||     2
 Invoke: Heroism           |       |       |     2 ||     2
  Evoke: Wand              |       |     5 |     3 ||     8
    Use: Scroll            |       |     6 |     5 ||    11
         Potion            |       |       |     2 ||     2
 Armour: Leather armour    |     7 |    36 |   137 ||   180
  Dodge: Dodged            |    15 |    37 |   145 ||   197

Table legend: (Time is in decaauts)
 A = Elapsed time spent in this place.
 B = Non-inter-level travel time spent in this place.
 C = Inter-level travel time spent in this place.
 D = Time resting spent in this place.
 E = Time spent auto-exploring this place.
 F = Levels seen in this place.
 G = Mean time per level.
                   A        B        C        D        E       F      G
               +--------+--------+--------+--------+--------+-----+--------+
         Total |   7967 |   7496 |    471 |   1027 |   5214 |   8 |  995.9 |
       Dungeon |   7954 |   7483 |    471 |   1027 |   5214 |   7 | 1136.3 |
        Temple |     12 |     12 |      0 |      0 |      0 |   1 |   12.0 |
               +--------+--------+--------+--------+--------+-----+--------+

Top non-repeatable levels by time:
     D:4: 1590 daAuts
     D:6: 1548 daAuts
     D:3: 1136 daAuts
     D:5: 1036 daAuts
     D:2: 1019 daAuts
     D:7: 866 daAuts
     D:1: 756 daAuts
  Temple: 12 daAuts
